 Dungeon Crawl Stone Soup version 0.21-a0-372-gd0ff781 (webtiles) character file.

120645 4thArraOfDagon the Severer (level 16, -3/145 HPs)
             Began as a Hill Orc Air Elementalist on Oct 16, 2017.
             Was the Champion of Vehumet.
             Slain by a sixfirhy (8 damage)
             ... on level 3 of the Abyss.
             The game lasted 02:13:43 (22903 turns).

4thArraOfDagon the Severer (HOAE)                  Turns: 22903, Time: 02:13:44

Health: -3/145     AC: 16    Str: 13    XL:     16   Next: 82%
Magic:  26/29      EV: 11    Int: 22    God:    Vehumet [******]
Gold:   542        SH:  4    Dex: 11    Spells: 9/33 levels left

rFire    + . .     SeeInvis .   U - +2 battleaxe (freeze)
rCold    . . .     Gourm    .   (shield currently unavailable)
rNeg     + + +     Faith    .   W - +1 ring mail of the Harvest {rElec rN+++ Stlth-}
rPois    .         Spirit   .   F - +1 hat
rElec    +         Reflect  .   N - +1 cloak
rCorr    .         Harm     .   (no gloves)
MR       +....                  x - +2 pair of boots
Stlth    ..........             (no amulet)
HPRegen  0.74/turn              e - +2 ring of intelligence
MPRegen  0.21/turn              r - ring of wizardry

@: about to teleport, hasted, very quick
A: large bone plates 1, slimy green scales 1, fire resistance 1, regeneration 1,
electricity resistance
a: Renounce Religion


You were on level 3 of the Abyss.
You worshipped Vehumet.
Vehumet was exalted by your worship.
You were not hungry.

You visited 4 branches of the dungeon, and saw 26 of its levels.
You visited the Abyss 1 time.
You visited 1 bazaar.
You also visited: Ice Cave.

You collected 2206 gold pieces.
You spent 1664 gold pieces at shops.

Inventory:

Hand Weapons
 d - the +11 long sword "Yranad" {slice, rC+}
   (You took it off a deep elf mage on level 3 of the Elven Halls)

   It inflicts extra damage upon your enemies.
   It protects you from cold.
 G - a +2 executioner's axe of distortion
 K - a +5 broad axe
 U - a +2 battleaxe of freezing (weapon)
Missiles
 P - 3 curare-tipped needles
Armour
 w - the +3 plate armour "Osafemig" {Str+5 Dex+2}
   (You bought it in a shop on level 9 of the Dungeon)

   It affects your strength (+5).
   It affects your dexterity (+2).
 x - a +2 pair of boots (worn)
 z - the +1 chain mail "Iplila" {Str+4}
   (You found it on level 2 of the Elven Halls)

   It affects your strength (+4).
 D - the +1 ring mail of the Beekeeper {Regen+}
   (You found it on level 6 of the Lair of Beasts)

   It increases your rate of regeneration.
 F - a +1 hat (worn)
 I - a +0 plate armour of positive energy
 N - a +1 cloak (worn)
 S - a +0 troll leather armour
 W - the +1 ring mail of the Harvest (worn) {rElec rN+++ Stlth-}
   (You bought it in a shop in a bazaar)

   It insulates you from electricity.
   It renders you almost immune to negative energy.
   It makes you less stealthy.
 X - a +1 robe of cold resistance
Magical Staves
 g - an uncursed staff of earth
 u - an uncursed staff of summoning {!a}
 T - an uncursed staff of air
 Y - an uncursed staff of conjuration {!a}
Jewellery
 e - a +2 ring of intelligence (left hand)
 q - an uncursed ring of resist corrosion
 r - a ring of wizardry (right hand)
 J - an uncursed ring of protection from fire
 Q - an uncursed ring of fire
Wands
 B - a wand of lightning (0/15)
 C - a wand of disintegration (0/24)
 E - a wand of polymorph (0/24)
 H - a wand of flame (13/48)
Scrolls
 a - 3 scrolls of teleportation
 i - 3 scrolls of fog
 k - 3 scrolls of amnesia
 l - 11 scrolls of remove curse
 m - 3 scrolls of magic mapping
 n - 6 scrolls of recharging
Potions
 b - a potion of agility
 o - a potion of ambrosia
 p - 2 potions of brilliance
 s - 3 potions of might
 v - 2 potions of cancellation
 y - a potion of mutation
 L - 3 potions of flight
 M - 5 potions of lignification
 O - 3 potions of curing
 R - a potion of haste
Miscellaneous
 h - a phial of floods
Comestibles
 c - 7 bread rations
 j - 8 meat rations


   Skills:
 + Level 13.6 Fighting
 * Level 19.6 Axes
 + Level 7.8 Armour
 - Level 1.5 Dodging
 - Level 1.5 Stealth
 + Level 9.3 Spellcasting
 - Level 3.8 Conjurations
 - Level 2.6 Ice Magic
 * Level 14.1 Air Magic


You had 9 spell levels left.
You knew the following spells:

 Your Spells              Type           Power        Failure   Level  Hunger
a - Shock                 Conj/Air       ####         1%          1    None
b - Swiftness             Chrm/Air       #####...     1%          2    None
c - Airstrike             Air            ######....   1%          4    ##.....
d - Mephitic Cloud        Conj/Pois/Air  #####...     1%          3    None
e - Lightning Bolt        Conj/Air       #####.....   1%          5    ####...
f - Static Discharge      Conj/Air       #####...     1%          3    None
g - Freezing Cloud        Conj/Ice/Air   #####.....   13%         6    ######.


Dungeon Overview and Level Annotations

Branches:
Dungeon (15/15)            Temple (0/1) D:5            Lair (6/6) D:9
  Swamp (0/4) Lair:3        Snake (0/4) Lair:4        Slime (0/5) Lair:5
    Orc (2/2) D:12            Elf (3/3) Orc:2        Vaults (0/5) D:14
 Depths: D:15

Altars:
Cheibriados
Dithmenos
Elyvilon
Fedhas
Sif Muna
Vehumet
Wu Jian
Yredelemnul
Zin
The Shining One
Beogh

Shops:
D:9 *   Orc:2 [[(}   Elf:3 =

Annotations:
D:12 4thArraOfDagon's ghost, journeyman DrMo
D:13 Urug
Lair:5 Kirke


Innate Abilities, Weirdness & Mutations

You are partially covered in large bone plates. (SH +4)
You are partially covered in slimy green scales. (AC +2)
Your flesh is heat resistant. (rF+)
Your natural rate of healing is unusually fast.
You are resistant to electric shocks. (rElec)


Message History

* * * LOW HITPOINT WARNING * * *
Unknown command.
Unknown command.
Unknown command.
Unknown command.
The sixfirhy closely misses you. The sixfirhy hits you.
* * * LOW HITPOINT WARNING * * *
The sixfirhy shocks you. You resist.
* * * LOW HITPOINT WARNING * * *
Unknown command.
Unknown command.
Unknown command.
Unknown command.
Unknown command.
Unknown command.
Unknown command.
Unknown command.
Unknown command.
The sixfirhy closely misses you. The sixfirhy hits you!
You die...

.......≈≈≈≈≈≈.≈....
##..w .........
..###...###.......
#......#..#.##. ...
##..##.#...# ......
#####.#.#..#......
#....# ........
#.##3#.#.##.##.#
#.# #@#.##. ...
##...## .## ..## .
###


You could see a sixfirhy.

Vanquished Creatures
  2 deep elf master archers (Elf:3)
  3 deep elf sorcerers (Elf:3)
  A deep elf elementalist (Elf:3)
  3 deep elf demonologists (Elf:3)
  3 deep elf annihilators
  A deep elf death mage (Elf:2)
  A deep elf high priest (Elf:2)
  A catoblepas (Lair:6)
  2 hydras (Lair:6)
  27 dancing weapons
  10 death yaks
  2 two-headed ogres
  A queen ant (Lair:2)
  A deep troll shaman (Lair:6)
  An orc high priest (Elf:3)
  Nergalle (Orc:1)
  12 deep elf knights
  An unseen horror (D:13)
  11 deep elf archers
  A wizard (D:14)
  A lindwurm (Lair:6)
  12 orc knights
  27 deep elf magi
  4 manticores
  4 orc sorcerers
  5 cyclopes
  A mana viper (Orc:2)
  5 ugly things (D:14)
  5 oklob plants
  7 elephants
  3 black mambas
  A gargoyle (D:10)
  A freezing wraith (D:14)
  9 spiny frogs
  6 komodo dragons
  2 rime drakes (D:14)
  An efreet (D:15)
  10 trolls
  3 polar bears
  8 blink frogs
  5 hippogriffs
  2 shadows
  An air elemental (Elf:3)
  5 fire elementals
  22 yaks
  A wraith (D:14)
  4 wyverns
  6 hogs
  Menkaure (D:7)
  2 hungry ghosts
  9 wargs
  An acid dragon (D:15)
  5 soldier ants (Lair:2)
  15 water moccasins
  5 porcupines
  2 black bears
  50 orc warriors
  5 ice beasts
  A phantom (D:9)
  14 ogres
  18 wolves
  9 centaurs
  16 crocodiles
  2 big kobolds
  15 bullfrogs
  A wyvern zombie (D:14)
  3 earth elementals (Elf:2)
  A water moccasin skeleton (D:5)
  8 scorpions
  9 killer bees
  8 wights
  5 howler monkeys
  5 electric eels
  4 centaur zombies
  4 crimson imps
  A quasit (D:9)
  5 jellies
  20 orc priests
  A bullfrog zombie (D:5)
  8 hounds
  A bullfrog skeleton (D:9)
  3 centaur skeletons
  An iguana (D:9)
  33 orc wizards
  32 worker ants
  A hound zombie (D:11)
  A howler monkey zombie (D:8)
  A howler monkey skeleton (D:6)
  9 adders
  3 gnolls (D:5)
  6 shadow imps
  6 white imps (IceCv)
  3 ufetubi (IceCv)
  An adder skeleton (D:5)
  5 worms
  2 dart slugs
  3 leopard geckos
  117 orcs
  12 bats
  3 giant cockroaches
  4 goblins
  7 hobgoblins
  3 jackals (D:8)
  13 kobolds
  6 quokkas
  A ball python (D:1)
  9 frilled lizards
  3 leopard gecko skeletons (D:5)
  4 rats
  A bush (D:1)
  3 fungi
  6 plants
802 creatures vanquished.

Vanquished Creatures (others)
  3 deep elf magi (Elf:2)
  3 white imps (IceCv)
  3 ufetubi (IceCv)
  7 fungi
  9 plants
  12 tentacles (Abyss:3)
37 creatures vanquished.

Grand Total: 839 creatures vanquished

Notes
Turn   | Place    | Note
-------+----------+-------------------------------------------
     0 | D:1      | 4thArraOfDagon the Hill Orc Air Elementalist began the quest for the Orb.
     0 | D:1      | Reached XP level 1. HP: 14/14 MP: 3/3
   214 | D:2      | Reached XP level 2. HP: 20/20 MP: 1/4
   350 | D:2      | Learned a level 2 spell: Swiftness
   428 | D:3      | Reached XP level 3. HP: 23/26 MP: 5/5
   431 | D:3      | Found a faded altar of an unknown god.
   438 | D:3      | whats this
   439 | D:3      | Became a worshipper of Vehumet
   439 | D:3      | Reached * piety under Vehumet
   439 | D:3      | Offered knowledge of Freeze by Vehumet.
   774 | D:2      | Noticed a scorpion
   785 | D:2      | Reached XP level 4. HP: 27/33 MP: 4/6
   947 | D:1      | Reached ** piety under Vehumet
   947 | D:1      | Offered knowledge of Sandblast by Vehumet.
  1059 | D:1      | Reached skill level 1 in Fighting
  1059 | D:1      | Reached skill level 1 in Armour
  1059 | D:1      | Reached XP level 5. HP: 34/40 MP: 3/7
  1082 | D:2      | Learned a level 4 spell: Airstrike
  1376 | D:3      | Reached skill level 1 in Axes
  1442 | D:4      | Noticed an ogre
  1459 | D:4      | Killed an ogre
  1459 | D:4      | Reached skill level 2 in Axes
  1459 | D:4      | Reached XP level 6. HP: 15/48 MP: 2/8
  1973 | D:4      | Reached skill level 3 in Axes
  2090 | D:4      | Reached XP level 7. HP: 47/56 MP: 4/10
  2239 | D:5      | Entered Level 5 of the Dungeon
  2441 | D:5      | Reached skill level 4 in Axes
  2600 | D:5      | Found a glowing golden altar of the Shining One.
  2601 | D:5      | Found a white marble altar of Elyvilon.
  2603 | D:5      | Found a glowing silver altar of Zin.
  2670 | D:5      | Found a staircase to the Ecumenical Temple.
  2689 | D:5      | Found an ornate altar of the Wu Jian Council.
  2692 | D:5      | Found a shadowy altar of Dithmenos.
  2695 | D:5      | Found a snail-covered altar of Cheibriados.
  2785 | D:5      | Reached skill level 5 in Air Magic
  2785 | D:5      | Reached XP level 8. HP: 50/63 MP: 11/11
  2899 | D:5      | Reached skill level 5 in Axes
  2916 | D:5      | Offered knowledge of Throw Frost by Vehumet.
  3146 | D:6      | Found a deep blue altar of Sif Muna.
  3202 | D:6      | Reached *** piety under Vehumet
  3255 | D:6      | Reached skill level 6 in Axes
  3386 | D:6      | Offered knowledge of Ignite Poison by Vehumet.
  3706 | D:7      | Reached XP level 9. HP: 53/72 MP: 0/13
  3816 | D:7      | Noticed Menkaure
  3822 | D:7      | Killed Menkaure
  3822 | D:7      | Reached skill level 7 in Axes
  3908 | D:8      | Reached skill level 5 in Fighting
  3983 | D:8      | Reached **** piety under Vehumet
  4200 | D:8      | Found a blossoming altar of Fedhas.
  4251 | D:8      | Noticed a two-headed ogre
  4313 | D:9      | Offered knowledge of Mephitic Cloud by Vehumet.
  4313 | D:9      | Reached skill level 8 in Axes
  4313 | D:9      | Reached skill level 5 in Armour
  4596 | D:9      | Learned a level 3 spell: Mephitic Cloud
  4605 | D:9      | Found a basalt altar of Yredelemnul.
  4759 | D:9      | Noticed a death yak
  4828 | D:10     | Entered Level 10 of the Dungeon
  4893 | D:10     | Reached XP level 10. HP: 75/83 MP: 7/16
  4960 | D:10     | Reached skill level 9 in Axes
  5056 | D:10     | Noticed a gargoyle
  5122 | D:10     | Killed a gargoyle
  5516 | D:11     | Reached skill level 10 in Axes
  5834 | D:12     | Found a staircase to the Orcish Mines.
  5919 | D:11     | Noticed a cyclops
  6201 | D:11     | Reached ***** piety under Vehumet
  6366 | D:11     | Offered knowledge of Bolt of Cold by Vehumet.
  6425 | D:11     | Reached XP level 11. HP: 80/92 MP: 8/18
  6671 | D:12     | Noticed a two-headed ogre
  6775 | D:11     | Killed a cyclops
  6775 | D:11     | Reached skill level 11 in Axes
  6866 | D:12     | Noticed a deep elf mage
  6880 | D:12     | Noticed a soul eater
  6883 | D:12     | Killed a deep elf mage
  6883 | D:12     | Reached skill level 5 in Spellcasting
  6927 | D:12     | Noticed 4thArraOfDagon's ghost (journeyman DrMo)
  7222 | D:13     | Learned a level 5 spell: Lightning Bolt
  7249 | D:13     | Noticed a manticore
  7250 | D:13     | Noticed a two-headed ogre
  7309 | D:13     | Killed a two-headed ogre
  7325 | D:13     | Killed a manticore
  7396 | D:13     | Noticed a cyclops
  7430 | D:13     | Killed an unseen horror
  7488 | D:13     | Noticed a cyclops
  7506 | D:13     | Killed a cyclops
  7603 | D:14     | Reached skill level 12 in Axes
  7614 | D:14     | Noticed a cyclops
  7628 | D:14     | Killed a cyclops
  7635 | D:14     | Noticed a manticore
  7659 | D:14     | Killed a manticore
  7674 | D:14     | Noticed an enchanted long sword
  7691 | D:14     | RIP
  7709 | D:14     | Killed an enchanted long sword
  7709 | D:14     | Reached XP level 12. HP: 30/103 MP: 1/20
  7950 | D:14     | Found a frozen archway.
  8129 | D:14     | Reached skill level 13 in Axes
  8222 | IceCv    | Entered an ice cave
  8281 | IceCv    | Offered knowledge of Force Lance by Vehumet.
  8462 | IceCv    | HP: 2/104 [ice devil (10)]
  8613 | D:15     | Entered Level 15 of the Dungeon
  8728 | D:15     | Noticed a two-headed ogre
  8855 | D:14     | Found a gate to the Vaults.
  8914 | D:14     | Reached skill level 10 in Air Magic
  8966 | D:15     | Noticed a centaur warrior
  9191 | D:14     | Gained mutation: Your magical capacity is low. (-10% MP) [mutagenic meat]
  9194 | D:14     | Gained mutation: You are resistant to electric shocks. (rElec) [mutagenic meat]
  9196 | D:14     | Gained mutation: Your flesh is heat resistant. (rF+) [mutagenic meat]
  9235 | D:14     | Lost mutation: Your magical capacity is low. (-10% MP) [mutagenic meat]
  9236 | D:14     | Gained mutation: You evolve. [mutagenic meat]
  9237 | D:14     | Gained mutation: You expend magic power (3 MP) to strengthen your wands. [mutagenic meat]
  9239 | D:14     | Gained mutation: You are partially covered in large bone plates. (SH +4) [mutagenic meat]
  9477 | D:13     | Noticed Urug
  9651 | D:12     | Reached skill level 14 in Axes
  9674 | D:12     | Found a roughly hewn altar of Beogh.
  9734 | D:12     | Noticed a two-headed ogre
  9747 | D:12     | Killed a two-headed ogre
  9812 | Orc:1    | Entered Level 1 of the Orcish Mines
  9863 | Orc:1    | Reached XP level 13. HP: 91/113 MP: 22/22
  9988 | Orc:1    | Gained mutation: Your mind is acute. (Int +2) [evolution]
 10117 | Orc:1    | Learned a level 3 spell: Static Discharge
 10144 | Orc:1    | Reached skill level 10 in Fighting
 10296 | Orc:1    | Noticed Nergalle
 10397 | Orc:1    | Killed Nergalle
 10550 | Orc:2    | Entered Level 2 of the Orcish Mines
 10785 | Orc:2    | Found a staircase to the Elven Halls.
 10793 | Orc:2    | Found a radiant altar of Vehumet.
 11135 | Orc:2    | Noticed Nessos
 11139 | Orc:2    | Noticed Nessos
 11139 | Orc:2    | Nessos changed into Nessos the mana viper
 11195 | Orc:2    | Lost mutation: You expend magic power (3 MP) to strengthen your wands. [evolution]
 11196 | Orc:2    | Offered knowledge of Spellforged Servitor by Vehumet.
 11337 | Orc:2    | Reached skill level 15 in Axes
 11420 | Orc:2    | Paralysed by an orc sorcerer for 6 turns
 11807 | Orc:2    | Killed Nessos the mana viper
 12420 | Orc:2    | Found Emizeriu's Antique Weapon Boutique.
 12420 | Orc:2    | Found Fiyrhes's Gadget Emporium.
 12424 | Orc:2    | :/
 12829 | Orc:2    | Found a roughly hewn altar of Beogh.
 12837 | Orc:2    | Found Soetip's Armour Boutique.
 12837 | Orc:2    | Found Zokkef's Armour Emporium.
 12888 | Orc:2    | Bought a glowing battleaxe for 304 gold pieces
 12888 | Orc:2    | Bought a runed broad axe for 224 gold pieces
 13162 | D:9      | Offered knowledge of Fireball by Vehumet.
 13264 | D:9      | Found a staircase to the Lair.
 13297 | D:9      | Reached XP level 14. HP: 92/124 MP: 1/24
 13321 | D:9      | Reached skill level 16 in Axes
 13494 | Lair:1   | Entered Level 1 of the Lair of Beasts
 13863 | Lair:3   | Found a staircase to the Swamp.
 13963 | Lair:3   | Lost mutation: Your mind is acute. (Int +2) [potion of mutation]
 13963 | Lair:3   | Gained mutation: Your natural rate of healing is unusually fast. [potion of mutation]
 14384 | Lair:5   | Gained mutation: You are partially covered in slimy green scales. (AC +2) [evolution]
 14384 | Lair:5   | Lost mutation: You evolve. [end of evolution]
 14666 | Lair:5   | Found a staircase to the Slime Pits.
 14787 | Lair:5   | Noticed Kirke
 14837 | Lair:4   | Found a staircase to the Snake Pit.
 15447 | Lair:6   | Entered Level 6 of the Lair of Beasts
 15787 | Lair:6   | Reached ****** piety under Vehumet
 15886 | Lair:6   | Offered knowledge of Iron Shot by Vehumet.
 16067 | Lair:5   | Reached skill level 17 in Axes
 17054 | Lair:6   | Reached XP level 15. HP: 131/132 MP: 23/27
 17109 | Lair:6   | Got a dazzling ring mail
 17120 | Lair:6   | Identified the +1 ring mail of the Beekeeper {Regen+} (You found it on level 6 of the Lair of Beasts)
 17123 | Lair:6   | Got a slimy scale mail
 17134 | Lair:6   | Identified the +1 scale mail "Uzuxywad" {+Fly Stlth+} (You found it on level 6 of the Lair of Beasts)
 17746 | Lair:2   | Offered knowledge of Bolt of Fire by Vehumet.
 18247 | D:9      | Found Vonoik's Assorted Antiques.
 18264 | D:9      | Bought a fine plate armour for 784 gold pieces
 18264 | D:9      | Identified the +3 plate armour "Osafemig" {Str+5 Dex+2} (You bought it in a shop on level 9 of the Dungeon)
 18534 | Elf:1    | Entered Level 1 of the Elven Halls
 18552 | Elf:2    | Got a bloodstained chain mail
 18579 | Elf:2    | Found a flickering gateway to a bazaar.
 18588 | Bazaar   | Entered a bazaar
 18588 | Bazaar   | Found Vuehos Comu's Antique Armour Boutique.
 18588 | Bazaar   | Found Pion's Weapon Shop.
 18588 | Bazaar   | Found Wucaoseo's Weapon Shop.
 18598 | Bazaar   | Bought a warped ring mail for 198 gold pieces
 18598 | Bazaar   | Bought a glowing hat for 154 gold pieces
 18608 | Bazaar   | Identified the +1 ring mail of the Harvest {rElec rN+++ Stlth-} (You bought it in a shop in a bazaar)
 18618 | Bazaar   | Identified the +1 chain mail "Iplila" {Str+4} (You found it on level 2 of the Elven Halls)
 18808 | Elf:2    | Found a runed door.
 19083 | Elf:2    | Reached skill level 18 in Axes
 19091 | Elf:2    | Found a runed gate.
 19091 | Elf:2    | Found a runed gate.
 19091 | Elf:2    | Found a runed gate.
 20673 | Elf:3    | Entered Level 3 of the Elven Halls
 20898 | Elf:3    | Reached XP level 16. HP: 85/143 MP: 4/28
 21187 | Elf:3    | Reached skill level 19 in Axes
 21467 | Elf:3    | Found Isit Nubbo's Jewellery Shop.
 21626 | Elf:3    | Offered knowledge of Freezing Cloud by Vehumet.
 21955 | Elf:3    | Learned a level 6 spell: Freezing Cloud
 22024 | Elf:3    | Reached skill level 1 in Ice Magic
 22045 | Elf:3    | Noticed a deep elf master archer
 22049 | Elf:3    | Killed a deep elf master archer
 22346 | Elf:3    | Paralysed by an orc sorcerer for 7 turns
 22401 | Elf:3    | Noticed a deep elf master archer
 22418 | Elf:3    | Killed a deep elf master archer
 22573 | Elf:3    | Got a vibrating tin ring
 22579 | Elf:3    | Identified the ring of Faisourch {Fire *Corrode rElec Dex+8 Slay-4} (You took it off a deep elf demonologist on level 3 of the Elven Halls)
 22631 | Elf:3    | Noticed a Brimstone Fiend
 22633 | Elf:3    | Noticed an Ice Fiend
 22662 | Elf:3    | Got a translucent long sword {slice}
 22673 | Elf:3    | Identified the +11 long sword "Yranad" {slice, rC+} (You took it off a deep elf mage on level 3 of the Elven Halls)
 22802 | Elf:3    | Got an ichor-stained scimitar {holy}
 22803 | Elf:3    | Identified the +1 scimitar of the Globe {holy, rF+} (You took it off a deep elf mage on level 3 of the Elven Halls)
 22815 | Elf:3    | Cast into level 3 of the Abyss (a deep elf demonologist)
 22881 | Abyss:3  | Noticed a kraken
 22897 | Abyss:3  | HP: 7/145 [tentacle[a kraken] (7)]
 22898 | Abyss:3  | HP: 3/145 [sixfirhy (3)]
 22903 | Abyss:3  | Slain by a sixfirhy

Vault maps used:
D:1:      minmay_arrival_doors, serial_forest, infiniplex_forest_end_2,
          infiniplex_forest_end_2, infiniplex_forest_diagonal,
          infiniplex_forest_straight_1, infiniplex_forest_clump_C,
          infiniplex_forest_corner_1, infiniplex_forest_straight_5,
          infiniplex_forest_3_way
D:2:      first_bread, kennysheep_generic_room_9
D:3:      tgw_trog, chequers_ecumenical_altar_simple
D:4:      eino_tiny_chamber
D:5:      good_gods_temple_1, grunt_temple_overflow_diamond,
          minmay_temple_entry_overgrown
D:6:      lemuel_doored_altar
D:7:      serial_bayou_pond_c, uniq_menkaure
D:8:      fedhas_altar_decomposition
D:9:      dpeg_lair_monsters, basic_altar, serial_shops,
          nicolae_shop_overgrown_old_shop
D:12:     minmay_orc_entry_temple_small
D:13:     uniq_urug
D:14:     erik_vaults_1, portal_ice_cave_entry_animals_and_master, minivault_4
D:15:     grunt_enter_depths_snipers, special_room, nicolae_ru_awakened_eye,
          grunt_potential
Lair:1:   grunt_megastairs_2
Lair:2:   zaba_antful_of_joy
Lair:3:   minmay_swamp_entry_eels, minmay_lair_oklob_bushes
Lair:4:   dummy_snake_entry, grunt_forest_small_clearings,
          kennysheep_catoblepas_arena, minmay_lair_oklob_chamber
Lair:5:   minmay_slime_entry_oklob_open, lemuel_fruit_tree, uniq_kirke
Lair:6:   grunt_lair_end_beastmaster, roderic_batcave, grunt_megastairs_3,
          serial_bayou_shore_a
Orc:1:    uniq_nergalle
Orc:2:    st_orc_town, basic_altar, uniq_nessos
Elf:1:    portal_desolation_entry_ruin, minmay_elf_demonology
Elf:2:    serial_shops, freezing_bzr, minivault_13
Elf:3:    grunt_elf_hall_branching, serial_shops, nicolae_shop_stone,
          nicolae_elf_big_sculpture_2
Abyss:3:  nicolae_abyss_rune_star_stuff
Bazaar:   bazaar_outfitter
IceCv:    ice_cave_small_demon

Skill      XL: |  1  2  3  4  5  6  7  8  9 10 11 12 13 14 15 16 |
---------------+-------------------------------------------------+-----
Conjurations   | 2 3 |  3.8
Air Magic      | 3 4 5 6 7 8 9 10 11 12 13 14 | 14.1
Fighting       | 1 2 3 4 5 7 8 9 11 12 13 | 13.6
Armour         | 1 2 3 4 5 6 7 |  7.8
Axes           | 2 3 4 6 8 10 12 14 15 17 18 19 | 19.6
Spellcasting   | 2 3 4 5 6 7 8 9 |  9.3
Ice Magic      | 2 |  2.6
Dodging        | |  1.5
Stealth        | |  1.5

Action                   |  1- 3 |  4- 6 |  7- 9 | 10-12 | 13-15 | 16-18 || total
-------------------------+-------+-------+-------+-------+-------+-------++-------
Melee: Short sword       |   108 |    94 |   208 |   316 |   124 |       ||   850
       Flail             |       |       |    14 |   163 |       |       ||   177
       Mace              |       |       |     6 |       |       |       ||     6
       War axe           |       |       |       |    70 |       |       ||    70
       Staff             |       |       |       |    25 |    89 |       ||   114
       Hand axe          |       |       |       |    22 |    55 |       ||    77
       Battleaxe         |       |       |       |       |   448 |   120 ||   568
       Broad axe         |       |       |       |       |   353 |       ||   353
       Unarmed           |       |       |       |       |     2 |       ||     2
       Scimitar          |       |       |       |       |     5 |       ||     5
Throw: Throwing net      |       |     2 |     2 |     1 |       |       ||     5
 Cast: Shock             |    16 |    45 |   136 |    59 |     5 |       ||   261
       Airstrike         |       |     1 |    20 |   131 |   165 |    78 ||   395
       Mephitic Cloud    |       |       |       |    34 |    61 |    28 ||   123
       Lightning Bolt    |       |       |       |     4 |       |       ||     4
       Swiftness         |       |       |       |     2 |       |       ||     2
       Static Discharge  |       |       |       |       |   262 |       ||   262
       Freezing Cloud    |       |       |       |       |       |     2 ||     2
Evoke: Wand              |       |       |    10 |     8 |     5 |       ||    23
  Use: Scroll            |       |     7 |     3 |    13 |    23 |     4 ||    50
       Potion            |       |     1 |     1 |     3 |     5 |     3 ||    13
 Stab: Sleeping          |     2 |     1 |     1 |       |       |       ||     4
       Confused          |       |       |       |     8 |    25 |    16 ||    49
  Eat: Chunk             |       |     5 |    10 |    34 |    27 |     8 ||    84
       Fruit             |       |     2 |       |       |    21 |       ||    23
       Bread ration      |       |       |     1 |     2 |     3 |     2 ||     8
       Royal jelly       |       |       |       |     2 |     1 |       ||     3
       Meat ration       |       |       |       |     1 |       |       ||     1
Armor: Robe              |    19 |    10 |     3 |       |       |       ||    32
       Ring mail         |       |     5 |   125 |    56 |    83 |    26 ||   295
       Chain mail        |       |       |       |    95 |    26 |       ||   121
       Troll leather arm |       |       |       |   172 |   351 |       ||   523
       Skin              |       |       |       |       |     7 |       ||     7
       Plate armour      |       |       |       |       |    43 |     7 ||    50
Dodge: Dodged            |    41 |    37 |   160 |   301 |   592 |    38 ||  1169
Block: Other             |       |       |       |    12 |   212 |    12 ||   236

Table legend:
 A = Spawn XP
 B = Non-spawn XP
 C = Spawn XP percentage of total XP
 D = Spawn monster count
 E = Non-spawn monster count
 F = Spawn count percentage of total count
 G = Total turns spent on level
                    A         B        C        D         E        F      G
               +---------+---------+-------+---------+---------+-------+---------
         Total |       0 |  172351 |   0.0 |       0 |     793 |   0.0 | 22903
               +---------+---------+-------+---------+---------+-------+---------
           D:1 |       0 |      94 |   0.0 |       0 |      16 |   0.0 |   583
           D:2 |       0 |      66 |   0.0 |       0 |      21 |   0.0 |   429
           D:3 |       0 |      87 |   0.0 |       0 |      17 |   0.0 |   414
           D:4 |       0 |     491 |   0.0 |       0 |      17 |   0.0 |   813
           D:5 |       0 |     629 |   0.0 |       0 |      17 |   0.0 |   703
           D:6 |       0 |     783 |   0.0 |       0 |      33 |   0.0 |   449
           D:7 |       0 |     515 |   0.0 |       0 |      10 |   0.0 |   476
           D:8 |       0 |     926 |   0.0 |       0 |      22 |   0.0 |   536
           D:9 |       0 |    5710 |   0.0 |       0 |      32 |   0.0 |  1010
          D:10 |       0 |    2252 |   0.0 |       0 |      25 |   0.0 |   645
          D:11 |       0 |    3737 |   0.0 |       0 |      33 |   0.0 |  1341
          D:12 |       0 |    5743 |   0.0 |       0 |      42 |   0.0 |  1020
          D:13 |       0 |    4174 |   0.0 |       0 |      15 |   0.0 |   690
          D:14 |       0 |   11301 |   0.0 |       0 |      52 |   0.0 |  1267
          D:15 |       0 |    1066 |   0.0 |       0 |       3 |   0.0 |   131
        Lair:1 |       0 |    2020 |   0.0 |       0 |       8 |   0.0 |   441
        Lair:2 |       0 |    3724 |   0.0 |       0 |      36 |   0.0 |   647
        Lair:3 |       0 |    5261 |   0.0 |       0 |      27 |   0.0 |   591
        Lair:4 |       0 |    3159 |   0.0 |       0 |      12 |   0.0 |   591
        Lair:5 |       0 |    8556 |   0.0 |       0 |      35 |   0.0 |  1031
        Lair:6 |       0 |   15049 |   0.0 |       0 |      48 |   0.0 |  1425
         Orc:1 |       0 |    5685 |   0.0 |       0 |      47 |   0.0 |  1017
         Orc:2 |       0 |   13710 |   0.0 |       0 |     113 |   0.0 |  2036
         Elf:2 |       0 |   35533 |   0.0 |       0 |      50 |   0.0 |  2527
         Elf:3 |       0 |   42005 |   0.0 |       0 |      53 |   0.0 |  1699
         IceCv |       0 |      75 |   0.0 |       0 |       9 |   0.0 |   248
               +---------+---------+-------+---------+---------+-------+---------
